 Dungeon Crawl Stone Soup version 0.28.0-62-gf88900778d (webtiles) character file.

Game seed: 1558479417861406731

163 cbfl8 the Chopper (level 5, -2/47 HPs)
             Began as a Minotaur Berserker on June 22, 2023.
             Was a Believer of Trog.
             Succumbed to a gnoll's poison
             ... on level 3 of the Dungeon.
             The game lasted 00:02:02 (1980 turns).

cbfl8 the Chopper (Minotaur Berserker)              Turns: 1980, Time: 00:02:02

Health: -2/47      AC:  6    Str: 22    XL:     5   Next: 20%
Magic:  4/4        EV: 10    Int:  4    God:    Trog [**....]
Gold:   92         SH:  0    Dex: 11    Spells: 4/4 levels left

rFire   . . .      SeeInvis .   a - +0 hand axe
rCold   . . .      Faith    .   (no shield)
rNeg    . . .      Spirit   .   f - +0 scale mail
rPois   .          Reflect  .   (helmet restricted)
rElec   .          Harm     .   (no cloak)
rCorr   .          Rampage  .   (no gloves)
Will    +++..                   (no boots)
Stlth   ..........              (no amulet)
HPRegen 1.15/turn               k - ring of willpower
MPRegen 0.09/turn               (no ring)

@: lethally poisoned (-2 -> -29), strong-willed, regenerating
A: horns 2, retaliatory headbutt
a: Renounce Religion, Berserk, Trog's Hand


You were on level 3 of the Dungeon.
You worshipped Trog.
Trog was pleased with you.
You visited 1 branch of the dungeon, and saw 3 of its levels.

You collected 92 gold pieces.

Inventory:

Hand Weapons
 a - a +0 hand axe (weapon)
Missiles
 i - 2 throwing nets (quivered)
Armour
 f - a +0 scale mail (worn)
Jewellery
 k - a ring of willpower (left hand)
Scrolls
 b - a scroll of torment {unknown}
 h - a scroll of amnesia {unknown}
 j - 2 scrolls of enchant weapon {unknown}
 m - a scroll of enchant armour {unknown}
Potions
 c - a potion of curing {unknown}
 d - a potion of brilliance {unknown}
 e - a potion of degeneration {unknown}
 g - a potion of resistance {unknown}
 l - a potion of mutation {unknown}


   Skills:
 + Level 4.7 Fighting
 + Level 5.0 Axes
 + Level 3.0 Armour
 + Level 2.7 Dodging
 * Level 1.2 Stealth
 * Level 1.4 Evocations


You had 4 spell levels left.
You didn't know any spells.
Your spell library was empty.

Dungeon Overview and Level Annotations

Branches:
Dungeon (3/15)

Altars:
Ashenzari


Innate Abilities, Weirdness & Mutations

You have a pair of horns on your head.
You reflexively headbutt those who attack you in melee.


Message History

There is a stone staircase leading up here.
You enter the shallow water.
Moving in this stuff is going to be slow.
Key pressed, stopping explore.
No target in view!
Found an escape hatch in the ceiling.
No target in view!
An endoplasm and a gnoll come into view.
The gnoll is wielding a +2 halberd of venom.
The endoplasm quivers.
The gnoll shouts!
The endoplasm barely misses you.
The gnoll hits you with a +2 halberd of venom!
You are poisoned.
You barely miss the gnoll. Your headbutt misses the gnoll.
You hit the endoplasm.
You feel very sick.
The endoplasm hits you but does no damage.
A gnoll comes into view. It is wielding a +0 club.
The gnoll misses you. You furiously retaliate!
You headbutt the gnoll! You closely miss the gnoll.
The gnoll is almost dead.
You hit the endoplasm.
You kill the endoplasm!
Trog accepts your kill.
You feel very sick.
The gnoll hits you with a +2 halberd of venom!
You are lethally poisoned!
You are too injured to fight recklessly!
Unknown command.
Your skin crawls.
You feel strong-willed.
* * * LOW HITPOINT WARNING * * *
You feel extremely sick.
The gnoll hits you with a +2 halberd of venom.
* * * LOW HITPOINT WARNING * * *
You are more poisoned.
You completely miss the gnoll. Your headbutt misses the gnoll.
The gnoll is almost dead.
You die...

≈.#. ##§§.# ...
g..§.# ≈≈§ §§≈§.#
.§ §.... #.#...##
###......##
#...g..<..#
#.#.@.....##
####.#.........
............###
####.#...####
#.#..## #.#..#
#....#
############..###
#..<......##..#


You could see a gnoll.

Vanquished Creatures
  Jessica (D:2)
  Terence (D:2)
  3 gnolls (D:2)
  2 adders (D:2)
  An adder skeleton (D:2)
  A dart slug (D:1)
  7 endoplasms
  3 giant cockroaches
  6 hobgoblins
  2 jackals (D:1)
  7 kobolds
  2 quokkas
  5 ball pythons
  4 bats
  4 frilled lizards (D:1)
  5 goblins (D:1)
  7 rats
61 creatures vanquished.

Vanquished Creatures (others)
  A fungus (D:1)
  9 plants (D:1)
10 creatures vanquished.

Grand Total: 71 creatures vanquished

Notes
Turn   | Place    | Note
-------+----------+-------------------------------------------
     0 | D:1      | cbfl8 the Minotaur Berserker began the quest for the Orb.
     0 | D:1      | Reached XP level 1. HP: 19/19 MP: 0/0
   133 | D:1      | Reached skill level 4 in Axes
   134 | D:1      | Reached XP level 2. HP: 25/27 MP: 1/1
   243 | D:1      | Found a faded altar of an unknown god.
   381 | D:1      | Reached ** piety under Trog
   438 | D:1      | Reached XP level 3. HP: 31/33 MP: 2/2
   697 | D:2      | Noticed Jessica
   707 | D:2      | Killed Jessica
   708 | D:2      | Reached skill level 1 in Evocations
   800 | D:2      | Reached XP level 4. HP: 30/41 MP: 3/3
   966 | D:2      | Reached skill level 1 in Stealth
  1138 | D:2      | Found a broken altar of Ashenzari.
  1178 | D:2      | Noticed Terence
  1183 | D:2      | Killed Terence
  1403 | D:2      | Reached XP level 5. HP: 39/47 MP: 4/4
  1905 | D:3      | Reached skill level 5 in Axes
  1980 | D:3      | Succumbed to a gnoll's poison

Illustrated notes

Levels and vault maps discovered:
D:1:      dpeg_arrival_tiny_a, layout_rooms, shapermc_ecumenical_altar_gd
D:2:      layout_basic, basic_altar, minmay_misc_feat_roman, uniq_terence,
          uniq_jessica
D:3:      layout_rooms, mainiacjoe_overflow_brackets, gup_sewer_entry_pipe

Skill      XL: |  1  2  3  4  5 |
---------------+----------------+-----
Axes           | 4 5 |  5.0
Fighting       | 4 |  4.7
Evocations     | 1 |  1.4
Stealth        | 1 |  1.2
Armour         | 3 |  3.0
Dodging        | |  2.7

Action                   |  1- 3 |  4- 6 || total
-------------------------+-------+-------++-------
Melee: Hand axe          |    60 |    52 ||   112
       Headbutt          |    11 |     8 ||    19
       Punch             |     1 |       ||     1
Invok: Berserk           |     1 |       ||     1
       Trog's Hand       |       |     1 ||     1
Armor: Animal skin       |    11 |       ||    11
       Scale mail        |     9 |    18 ||    27
Dodge: Dodged            |    29 |    25 ||    54
